 Dungeon Crawl Stone Soup version 0.30-a0-469-g84de5afbc5 (webtiles) character file.

Game seed: 7078251632035780657

452 Colgate the Conjurer (level 6, -1/32 HPs)
             Began as a Deep Elf Conjurer on Dec 19, 2022.
             Slain by Edmund
             ... wielding a +2 dire flail of holy wrath
              (3 damage)
             ... on level 3 of the Dungeon.
             The game lasted 00:14:24 (3958 turns).

Colgate the Conjurer (Deep Elf Conjurer)            Turns: 3958, Time: 00:14:24

Health: -1/32      AC:  4    Str:  4    XL:     6   Next: 75%
Magic:  15/15      EV: 12    Int: 25    God:
Gold:   95         SH:  0    Dex: 13    Spells: 7/14 levels left

rFire   . . .      SeeInvis .    m - +1 scythe (flame)
rCold   . . .      Faith    .    (shield currently unavailable)
rNeg    . . .      Spirit   .    d - +0 robe
rPois   .          Reflect  .    (no helmet)
rElec   .          Harm     .    (no cloak)
rCorr   .          Rampage  .    g - +0 pair of gloves
Will    .....                    s - +0 pair of boots
Stlth   ++........               (no amulet)
HPRegen 0.25/turn                (no ring)
MPRegen 0.14/turn                (no ring)

@: no status effects
A: no striking features
a: no special abilities


You were on level 3 of the Dungeon.
You visited 1 branch of the dungeon, and saw 4 of its levels.

You collected 149 gold pieces.
You spent 54 gold pieces at shops.

Inventory:

Hand Weapons
 a - a +0 sling
 m - a +1 scythe of flaming (weapon)
 o - a +0 glaive
Armour
 d - a +0 robe (worn)
 g - a +0 pair of gloves (worn)
 s - a +0 pair of boots (worn)
Magical Staves
 j - a staff of air
Wands
 r - a wand of charming (8)
Scrolls
 c - 6 scrolls of identify {unknown}
 f - a scroll of immolation {unknown}
 h - 2 scrolls of enchant weapon {unknown}
 k - a scroll of poison {unknown}
 n - a scroll of fear {unknown}
 p - 2 scrolls of teleportation {unknown}
 q - a scroll of vulnerability {unknown}
Potions
 e - 2 potions of might {unknown}
 i - a potion of mutation {unknown}
 l - 2 potions of heal wounds {unknown}
 t - a potion of lignification {unknown}
 u - a potion of brilliance {unknown}


   Skills:
 - Level 2.4 Dodging
 - Level 2.4 Stealth
 + Level 4.8 Spellcasting
 - Level 7.4 Conjurations
 - Level 4.3 Hexes


You had 7 spell levels left.
You knew the following spells:

 Your Spells              Type           Power      Damage    Failure   Level
a - Magic Dart            Conj           100%       1d8       1%          1
b - Searing Ray           Conj           86%        2d7       1%          2
c - Fulminant Prism       Conj/Hex       17%        3d10      8%          4

Your spell library contained the following spells:

 Spells                   Type           Power      Damage    Failure   Level
 Dazzling Flash           Conj/Hex       70%        N/A       2%          3
 Tukima's Dance           Hex            27%        N/A       4%          3
 Portal Projectile        Hex/Tloc       32%        N/A       11%         3
 Iskenderun's Mystic Bla  Conj/Tloc      24%        2d7       19%         4
 Sticky Flame             Conj/Fire      24%        2d5       19%         4
 Ignite Poison            Fire/Tmut/Pois 6%         N/A       26%         3
 Blade Hands              Tmut           3%         N/A       93%         5
 Ignition                 Fire           3%         3d4       100%        8


Dungeon Overview and Level Annotations

Branches:
Dungeon (4/15)
 Temple: D:4-7

Altars:
Dithmenos
Okawaru
Wu Jian

Shops:
D:3 [

Annotations:
D:3 1 runed translucent door, Crazy Yiuf, Edmund
D:4 Natasha


Message History

The orc moves out of view.
The orc attacks as you move away! The orc misses you.
The orc attacks as you move away!
The orc hits you with a +2 vorpal falchion!
The orc misses you.
Natasha, Servant of Life and Death comes into view.
The orc attacks as you move away! The orc closely misses you.
Casting: Fulminant Prism (quite dangerous; 8% risk of failure)
You don't have enough magic to cast this spell.
Unknown command.
Casting: Fulminant Prism (quite dangerous; 8% risk of failure)
You don't have enough magic to cast this spell.
Unknown command.
The orc attacks as you move away!
The orc hits you with a +2 vorpal falchion.
Natasha drinks a potion.
Natasha suddenly seems more resistant.
The orc closely misses you.
Natasha mumbles some strange words.
The orc attacks as you move away! The orc hits you with a +0 short sword.
The crimson imp blinks!
There is an open door here.
The orc attacks as you move away! The orc hits you with a +0 short sword.
Edmund says, "People accused me of being a cutpurse!"
The crimson imp barely misses you.
Things that are here:
a +0 chain mail; a +0 short sword Edmund grinds his teeth, and then sighs.
The crimson imp blinks!
There is a stone staircase leading up here.
Edmund hits you with a +2 dire flail of holy wrath!
* * * LOW HITPOINT WARNING * * *
The orc hits you with a +0 short sword.
* * * LOW HITPOINT WARNING * * *
Natasha casts a spell.
You climb upwards.
Level annotation: 1 runed translucent door, Crazy Yiuf
There is a stone staircase leading down here.
Magic courses through your body. The orc misses you.
Edmund hits you with a +2 dire flail of holy wrath.
You die...

...............# #.#
...###.###.....########.#
...............#........#
####.#.##.######.#####..#
##.#.##.# #.#####..#
#....##<######.##.....#
###..####[##........##.##
..#.......##.###@#..##.#
_.#.######......@......#
..#.#####....##o##..####
.##.......#..##.....#
..#######..........## 8.#
############ ..# ####
...# ##.#


You could see Edmund and an orc.

Vanquished Creatures
  Sigmund (D:3)
  A jelly (D:4)
  An orc priest (D:4)
  Ijyb (D:3)
  2 iguanas (D:4)
  Natasha (twice) (D:4)
  4 adders
  A dart slug (D:1)
  An orc (D:4)
  7 bats
  5 endoplasms
  2 giant cockroaches (D:1)
  5 goblins
  5 hobgoblins
  3 jackals (D:1)
  3 quokkas
  6 ball pythons
  3 frilled lizards
  7 kobolds
  3 rats (D:1)
63 creatures vanquished.

Vanquished Creatures (others)
  8 fulminant prisms
8 creatures vanquished.

Grand Total: 71 creatures vanquished

Notes
Turn   | Place    | Note
-------+----------+-------------------------------------------
     0 | D:1      | Colgate the Deep Elf Conjurer began the quest for the Orb.
     0 | D:1      | Reached XP level 1. HP: 10/10 MP: 6/6
     6 | D:1      | Noticed a swamp worm
     6 | D:1      | Noticed a hog
     6 | D:1      | Noticed a redback
     7 | D:1      | Noticed a snapping turtle
     7 | D:1      | Noticed a black mamba
    37 | D:1      | You fall into a shaft and drop 1 floor!
   319 | D:1      | Reached XP level 2. HP: 15/15 MP: 5/8
   322 | D:1      | Learned a level 2 spell: Searing Ray
   380 | D:1      | Reached skill level 5 in Conjurations
   869 | D:1      | Reached XP level 3. HP: 19/19 MP: 8/10
  2023 | D:2      | Found a shadowy altar of Dithmenos.
  2363 | D:3      | Noticed Sigmund
  2368 | D:3      | Killed Sigmund
  2369 | D:3      | Reached skill level 7 in Conjurations
  2369 | D:3      | Reached XP level 4. HP: 3/24 MP: 3/12
  2369 | D:3      | Reached XP level 5. HP: 4/28 MP: 3/13
  2374 | D:3      | Learned a level 4 spell: Fulminant Prism
  2546 | D:3      | Reached skill level 1 in Hexes
  3029 | D:3      | Noticed Ijyb
  3037 | D:3      | Killed Ijyb
  3038 | D:3      | Reached XP level 6. HP: 32/32 MP: 5/14
  3103 | D:3      | Found Colab's Armour Emporium.
  3111 | D:3      | Bought a +0 pair of boots for 54 gold pieces
  3263 | D:3      | Found a runed translucent door.
  3264 | D:3      | Noticed Crazy Yiuf
  3331 | D:3      | Found an ornate altar of the Wu Jian Council.
  3541 | D:4      | Noticed Natasha
  3545 | D:4      | Killed Natasha
  3640 | D:4      | Noticed Natasha
  3643 | D:4      | Killed Natasha
  3672 | D:4      | Found an iron altar of Okawaru.
  3912 | D:4      | Noticed Edmund
  3944 | D:4      | Noticed Natasha
  3956 | D:4      | HP: 1/32 [orc/+0 short sword (2)]
  3958 | D:3      | Slain by Edmund

Illustrated notes

Levels and vault maps discovered:
D:1:      onia_arrival_zoo_common, layout_basic
D:2:      layout_loops_ring, basic_altar
D:3:      layout_loops_cross, nicolae_wu_jian_immortal_techniques, serial_shops,
          shop, uniq_crazy_yiuf_cottage, uniq_ijyb, uniq_sigmund
D:4:      layout_basic, grunt_temple_overflow_lords_of_destruction,
          mainiacjoe_overflow_cross_hatched, minmay_temple_entry_junction,
          uniq_natasha, uniq_edmund

Skill      XL: |  1  2  3  4  5  6 |
---------------+-------------------+-----
Conjurations   | 5 7 |  7.4
Spellcasting   | 4 |  4.8
Hexes          | 2 4 |  4.3
Dodging        | |  2.4
Stealth        | |  2.4

Action                   |  1- 3 |  4- 6 || total
-------------------------+-------+-------++-------
 Fire: Sling             |     6 |       ||     6
 Cast: Magic Dart        |    36 |     9 ||    45
       Searing Ray       |    21 |    15 ||    36
       Fulminant Prism   |       |     8 ||     8
  Use: Potion            |       |     1 ||     1
Dodge: Dodged            |     8 |     6 ||    14

Table legend: (Time is in decaauts)
 A = Elapsed time spent in this place.
 B = Non-inter-level travel time spent in this place.
 C = Inter-level travel time spent in this place.
 D = Time resting spent in this place.
 E = Time spent auto-exploring this place.
 F = Levels seen in this place.
 G = Mean time per level.
                   A        B        C        D        E       F      G
               +--------+--------+--------+--------+--------+-----+--------+
         Total |   3971 |   3658 |    313 |    156 |   3050 |   4 |  992.8 |
       Dungeon |   3971 |   3658 |    313 |    156 |   3050 |   4 |  992.8 |
               +--------+--------+--------+--------+--------+-----+--------+

Top non-repeatable levels by time:
     D:1: 1428 daAuts
     D:3: 1269 daAuts
     D:2: 870 daAuts
     D:4: 403 daAuts
